 Dungeon Crawl Stone Soup version 0.28-a0-991-g956f0ee3d5 (webtiles) character file.

Game seed: 16716606149567882785

643 siradein the Grave Robber (level 7, -1/52 HPs)
             Began as a Ghoul Necromancer on Dec 4, 2021.
             Was an Initiate of Makhleb.
             Slain by a wight (9 damage)
             ... on level 5 of the Dungeon.
             The game lasted 00:11:09 (6448 turns).

siradein the Grave Robber (Ghoul Necromancer)       Turns: 6448, Time: 00:11:09

Health: -1/52      AC:  3    Str: 12    XL:     7   Next: 51%
Magic:  21/21      EV: 12    Int: 12    God:    Makhleb [......]
Gold:   164        SH:  0    Dex:  9    Spells: 6/14 levels left

rFire   + . .      SeeInvis .   i - +1 quarterstaff (vorpal)
rCold   + . .      Faith    .   (shield currently unavailable)
rNeg    + + +      Spirit   .   a - +0 robe
rPois   ∞          Reflect  .   p - +1 hat
rElec   .          Harm     .   (no cloak)
rCorr   .          Rampage  .   (no gloves)
Will    .....                   (no boots)
Stlth   ++........              (no amulet)
HPRegen 0.00/turn               g - ring of magical power
MPRegen 0.17/turn               h - ring of protection from fire

@: inhibited regen
A: claws 1, cold resistance 1, negative energy resistance 3, inhibited
regeneration, torment resistance 2
a: Renounce Religion


You were on level 5 of the Dungeon.
You worshipped Makhleb.
Makhleb was noncommittal.
You visited 2 branches of the dungeon, and saw 6 of its levels.

You collected 164 gold pieces.

Inventory:

Hand Weapons
 i - a +1 vorpal quarterstaff (weapon)
Armour
 a - a +0 robe (worn)
 p - a +1 hat (worn)
Jewellery
 g - a ring of magical power (left claw)
 h - a ring of protection from fire (right claw)
Wands
 l - a wand of flame (18)
 s - a wand of acid (8)
Scrolls
 b - a scroll of vulnerability {unknown}
 e - a scroll of amnesia {unknown}
 m - 2 scrolls of identify {unknown}
 n - a scroll of enchant armour {unknown}
 t - a scroll of teleportation {unknown}
 u - a scroll of acquirement {unknown}
 w - a scroll of enchant weapon {unknown}
Potions
 c - 2 potions of haste {unknown}
 d - a potion of flight {unknown}
 f - a potion of cancellation {unknown}
 j - 3 potions of curing
 k - a potion of degeneration {unknown}
 o - 3 potions of lignification {unknown}
 q - a potion of attraction {unknown}
 r - a potion of brilliance {unknown}
 v - a potion of might {unknown}
 x - a potion of invisibility {unknown}


   Skills:
 + Level 1.5 Fighting
 + Level 4.3 Dodging
 - Level 2.1 Stealth
 + Level 4.0 Spellcasting
 + Level 6.0 Necromancy


You had 6 spell levels left.
You knew the following spells:

 Your Spells              Type           Power      Damage    Failure   Level
a - Pain                  Necr           64%        1d7       1%          1
b - Vampiric Draining     Necr           16%        2d7       5%          3
c - Animate Dead          Necr           8%         N/A       19%         4

Your spell library contained the following spells:

 Spells                   Type           Power      Damage    Failure   Level
 Animate Skeleton         Necr           32%        N/A       1%          1
 Slow                     Hex            8%         N/A       22%         1
 Sting                    Tmut/Pois      8%         1d3       22%         1
 Passwall                 Tmut/Erth      1%         N/A       32%         2
 Poisonous Vapours        Pois/Air       4%         N/A       32%         2
 Agony                    Necr           16%        N/A       45%         5
 Confusing Touch          Hex            2%         N/A       54%         3
 Dazzling Flash           Conj/Hex       4%         N/A       54%         3
 Swiftness                Air            2%         N/A       54%         3
 Iskenderun's Mystic Bla  Conj/Tloc      2%         2d3       91%         4
 Olgreb's Toxic Radiance  Pois           2%         N/A       91%         4
 Starburst                Conj/Fire      1%         6d3       100%        6


Dungeon Overview and Level Annotations

Branches:
Dungeon (5/15)             Temple (1/1) D:4

Altars:
Cheibriados
Elyvilon
Gozag
Hepliaklqana
Kikubaaqudgha
Makhleb
Nemelex Xobeh
Okawaru
Qazlal
Ru
Sif Muna
Uskayaw
Vehumet
Wu Jian
Xom
Yredelemnul
Zin
The Shining One

Annotations:
D:3 2 runed translucent doors, siradein's ghost, amateur DrFi


Innate Abilities, Weirdness & Mutations

You thrive by killing the living.
You are immune to poison.
You have sharp fingernails.
Your flesh is cold resistant. (rC+)
You are immune to negative energy. (rN+++)
You do not regenerate when monsters are visible.
You are immune to unholy pain and torment.


Message History

Aim: an iguana (almost dead)
You draw life force from the iguana!
You kill the iguana!
Makhleb accepts your kill.
Your Necromancy skill increases to level 6!
Magic restored.
A wight comes into view.
It is wielding a +4 scimitar of freezing.
Found a stone staircase leading down.
You sock the wight!
The wight is heavily damaged.
The wight hits you with a +4 scimitar of freezing!
The wight freezes you.
You closely miss the wight.
The wight is heavily damaged.
The wight barely misses you.
You hit the wight but do no damage.
The wight is heavily damaged.
The wight closely misses you.
The wight hits you with a +4 scimitar of freezing!
The wight freezes you.
You are too injured to fight recklessly!
You are too injured to fight recklessly!
You are too injured to fight recklessly!
You hit the wight.
The wight is severely damaged.
The wight hits you with a +4 scimitar of freezing!
* * * LOW HITPOINT WARNING * * *
The wight freezes you.
* * * LOW HITPOINT WARNING * * *
Casting: Vampiric Draining (dangerous; 5% risk of failure)
Confirm with . or Enter, or press ? or * to list all spells.
You can't see any susceptible monsters within range! (Use Z to cast anyway.) Unknown command.
You barely miss the wight.
The wight is severely damaged.
The wight barely misses you.
You barely miss the wight.
The wight is severely damaged.
The wight hits you with a +4 scimitar of freezing!
You die...

.# #.##.##
..###.>...
......... . #
#......# ..
#.#......####...
.........#......
#....z.......#
##.....@....#.#
..............#
....#.#.#######
.........##
#####.##..# #.
##.# # #.# #.#
#.#


You could see a wight.

Vanquished Creatures
  Sigmund (D:3)
  A sky beast (D:3)
  A scorpion (D:4)
  A centaur zombie (D:3)
  Jessica (D:2)
  2 iguanas
  11 gnolls
  5 adders
  An adder skeleton (D:4)
  3 worms (D:2)
  3 dart slugs
  5 orcs
  7 endoplasms
  2 giant cockroaches
  9 goblins
  5 hobgoblins
  A jackal (D:4)
  2 quokkas
  8 ball pythons
  5 bats
  5 kobolds
  7 rats
86 creatures vanquished.

Notes
Turn   | Place    | Note
-------+----------+-------------------------------------------
     0 | D:1      | siradein the Ghoul Necromancer began the quest for the Orb.
     0 | D:1      | Reached XP level 1. HP: 14/14 MP: 2/2
   291 | D:1      | Reached XP level 2. HP: 6/20 MP: 0/4
   817 | D:1      | Found a faded altar of an unknown god.
  1540 | D:2      | Reached XP level 3. HP: 21/26 MP: 5/5
  1745 | D:2      | Learned a level 3 spell: Vampiric Draining
  1884 | D:2      | Noticed Jessica
  1891 | D:2      | Killed Jessica
  1892 | D:2      | Reached XP level 4. HP: 33/33 MP: 6/6
  2434 | D:2      | Found a hide-covered altar of Uskayaw.
  2676 | D:3      | Learned a level 4 spell: Animate Dead
  3167 | D:3      | Reached XP level 5. HP: 25/38 MP: 8/8
  3406 | D:3      | Noticed Sigmund
  3422 | D:3      | Killed Sigmund
  3423 | D:3      | Reached skill level 5 in Necromancy
  3423 | D:3      | Reached XP level 6. HP: 35/45 MP: 6/10
  3579 | D:3      | Found a large runed translucent door.
  3580 | D:3      | Found a large runed translucent door.
  3603 | D:3      | Noticed siradein's ghost (amateur DrFi)
  3606 | D:3      | Noticed a sky beast
  3625 | D:3      | Killed a sky beast
  3755 | D:3      | Found a stormy altar of Qazlal.
  4138 | D:3      | Found a hazy altar of Hepliaklqana.
  4139 | D:3      | Found a shimmering altar of Xom.
  4140 | D:3      | Noticed a spectral ugly thing
  4191 | D:3      | Found a sparkling altar of Nemelex Xobeh.
  4447 | D:3      | Reached XP level 7. HP: 38/50 MP: 11/11
  5083 | D:4      | Reached skill level 1 in Fighting
  5237 | D:4      | Found a staircase to the Ecumenical Temple.
  5245 | Temple   | Entered the Ecumenical Temple
  5480 | Temple   | Became a worshipper of Makhleb the Destroyer
  5785 | D:4      | Found an iron altar of Okawaru.
  6022 | D:4      | Found an opulent altar of Gozag.
  6130 | D:4      | Found an ornate altar of the Wu Jian Council.
  6341 | D:5      | Entered Level 5 of the Dungeon
  6367 | D:5      | Reached skill level 6 in Necromancy
  6448 | D:5      | Slain by a wight

Illustrated notes

Levels and vault maps discovered:
D:1:      evilmike_arrival_crescent, layout_basic,
          shapermc_ecumenical_altar_notcrosses
D:2:      layout_loops_ring, serial_rivers, chequers_serial_rivers_micro_e,
          chequers_serial_rivers_room_a, chequers_serial_rivers_small_3,
          chequers_serial_rivers_room_b, basic_altar,
          kennysheep_cross_bottleneck, kennysheep_generic_room_16, uniq_jessica
D:3:      minmay_general_purpose_star, layout_basic,
          regret_index_temple_of_mockery, old_standard_altar,
          nemelex_dance_club_becter, ebering_ghost_disaster_area, uniq_sigmund
D:4:      layout_loops_ring, kennysheep_okawaru_gauntlet,
          nicolae_wu_jian_immortal_techniques, nicolae_tso_carved_into_rock,
          nicolae_gozag_seed_capital, minmay_temple_entry_trees,
          chequers_serial_rivers_micro_b, hangedman_minor_gate_pass
D:5:      kennysheep_six_static_rooms, layout_rooms, kennysheep_mini
Temple:   dpeg_chambers_temple

Skill      XL: |  1  2  3  4  5  6  7 |
---------------+----------------------+-----
Dodging        | 2 3 4 |  4.3
Spellcasting   | 2 3 4 |  4.0
Necromancy     | 5 6 |  6.0
Fighting       | 1 |  1.5
Stealth        | |  2.1

Action                   |  1- 3 |  4- 6 |  7- 9 || total
-------------------------+-------+-------+-------++-------
Melee: Unarmed           |    37 |       |       ||    37
       Quarterstaff      |     5 |    30 |    19 ||    54
 Cast: Pain              |    45 |    83 |    27 ||   155
       Vampiric Draining |       |    16 |    19 ||    35
 Stab: Sleeping          |     1 |       |       ||     1
Armor: Robe              |     3 |    13 |     6 ||    22
Dodge: Dodged            |    33 |    45 |    25 ||   103

Table legend: (Time is in decaauts)
 A = Elapsed time spent in this place.
 B = Non-inter-level travel time spent in this place.
 C = Inter-level travel time spent in this place.
 D = Time resting spent in this place.
 E = Time spent auto-exploring this place.
 F = Levels seen in this place.
 G = Mean time per level.
                   A        B        C        D        E       F      G
               +--------+--------+--------+--------+--------+-----+--------+
         Total |   6472 |   6347 |    125 |    328 |   5205 |   6 | 1078.7 |
       Dungeon |   6209 |   6111 |     98 |    328 |   5024 |   5 | 1241.8 |
        Temple |    262 |    235 |     27 |      0 |    181 |   1 |  262.0 |
               +--------+--------+--------+--------+--------+-----+--------+

Top non-repeatable levels by time:
     D:3: 1937 daAuts
     D:1: 1481 daAuts
     D:2: 1428 daAuts
     D:4: 1253 daAuts
  Temple: 262 daAuts
     D:5: 108 daAuts
